Nashville Predators vs St.Louis Blues
Created - Wednesday, August 23, 2023 at 06:20
Goals
|
| Nashville Predators |
0 |
1 |
0 |
1 |
| St.Louis Blues |
2 |
1 |
2 |
5 |
|
Shots
|
| Nashville Predators |
9 |
19 |
6 |
34 |
| St.Louis Blues |
15 |
3 |
16 |
34 |
|
1st period
1. St.Louis Blues , Tage Thompson 1 (Elias Pettersson 1) at 4:31
2. St.Louis Blues , Jake Guentzel 1 (Adam Pelech 1) at 9:30
Penalties :
Patrick Maroon (NSH) for Tripping (Minor) at 13:10
2nd period
3. Nashville Predators , Ryan Carpenter 1 (Patrick Maroon 1, Brett Leason 1) at 10:39
4. St.Louis Blues , Elias Pettersson 1 (Jake Guentzel 1, Tage Thompson 1) at 17:39 (PP)
Penalties :
Rasmus Ristolainen (NSH) for Hooking (Minor) at 3:02, Corey Perry (NSH) for High sticking (Double Minor) at 16:24
3rd period
5. St.Louis Blues , Jack Eichel 1 (Jake Guentzel 2, Mark Stone 1) at 0:34
6. St.Louis Blues , Andrew Copp 1 (Lawson Crouse 1, Robert Thomas 1) at 9:54
Penalties :
No Penalty
Goalie Stats
Alexandar Georgiev (NSH), 29 saves from 34 shots - (0.853), L, 0-1-0, 60:00 minutes
Connor Hellebuyck (STL), 33 saves from 34 shots - (0.971), W, 1-0-0, 60:00 minutes
Players Stats for Nashville Predators
Player Name G A P +/- PIM S H SB GA TA FO MP PP MP PK MP
------------------------------------------------------------------------------------
Alex Newhook 0 0 0 -2 0 6 3 1 0 0 0/0 14:55 0:00 0:00
Alexander Alexeyev 0 0 0 -3 0 2 3 0 0 0 0/0 23:19 0:00 1:37
Blake Wheeler 0 0 0 -1 0 4 3 1 1 1 0/0 15:56 0:00 0:15
Brett Leason 0 1 1 1 0 3 0 0 0 0 0/0 11:58 0:00 3:33
Cale Makar 0 0 0 -1 0 0 0 0 0 0 0/0 5:30 0:00 0:00
Corey Perry 0 0 0 -2 4 2 0 0 0 0 0/1 15:05 0:00 0:00
Justin Braun 0 0 0 0 0 1 2 0 0 2 0/0 21:39 0:00 4:14
Kevin Labanc 0 0 0 -1 0 2 0 1 1 0 1/1 15:20 0:00 0:09
Markus Niemelainen 0 0 0 -2 0 1 0 1 0 0 0/0 21:18 0:00 2:44
Michael Carcone 0 0 0 -2 0 0 1 1 0 0 8/21 14:55 0:00 0:00
Nate Schmidt 0 0 0 0 0 0 2 0 2 0 0/0 24:10 0:00 3:26
Patrick Maroon 0 1 1 1 2 1 0 0 0 0 0/0 11:35 0:00 0:08
Rasmus Ristolainen 0 0 0 0 2 1 1 1 1 0 0/0 23:40 0:00 2:23
Riley Nash 0 0 0 -1 0 3 1 1 1 0 7/11 16:36 0:00 3:25
Ryan Carpenter 1 0 1 1 0 3 3 0 0 0 7/12 12:33 0:00 3:32
Sam Gagner 0 0 0 -1 0 2 0 0 0 1 0/0 13:11 0:00 0:00
Thomas Novak 0 0 0 -1 0 2 1 0 0 0 3/15 14:32 0:00 0:00
Zemgus Girgensons 0 0 0 -1 0 1 1 0 0 0 0/0 16:33 0:00 3:22
Players Stats for St.Louis Blues
Player Name G A P +/- PIM S H SB GA TA FO MP PP MP PK MP
------------------------------------------------------------------------------------
Adam Pelech 0 1 1 2 0 0 2 0 0 0 0/0 16:27 0:00 0:00
Alex Pietrangelo 0 0 0 1 0 1 1 1 0 1 0/0 22:56 3:47 0:00
Alex Tuch 0 0 0 1 0 3 1 0 0 1 0/0 20:24 3:32 0:00
Andrew Copp 1 0 1 1 0 2 3 2 0 0 1/3 8:47 0:00 0:00
Colton Parayko 0 0 0 -1 0 0 1 4 0 0 0/0 20:52 0:00 0:00
Elias Pettersson 1 1 2 1 0 3 1 0 0 0 0/4 20:55 3:32 0:00
Evander Kane 0 0 0 -1 0 3 5 0 1 0 0/1 15:43 3:40 0:00
Jack Eichel 1 0 1 2 0 4 1 2 0 0 10/13 19:40 3:47 0:00
Jake Guentzel 1 2 3 2 0 4 4 1 1 0 0/0 18:40 3:32 0:00
Jake Sanderson 0 0 0 2 0 0 2 2 0 0 0/0 20:37 0:00 0:00
Lawson Crouse 0 1 1 1 0 2 2 0 0 2 0/1 8:47 0:00 0:00
Mark Stone 0 1 1 2 0 2 1 1 1 1 0/1 18:50 3:40 0:00
Mikhail Sergachev 0 0 0 0 0 1 3 2 1 1 0/0 22:53 3:25 0:00
Nick Leddy 0 0 0 2 0 0 1 2 0 0 0/0 6:59 0:00 0:00
Robert Thomas 0 1 1 -1 0 2 1 1 0 0 7/15 16:17 3:40 0:00
Sean Kuraly 0 0 0 1 0 0 1 0 0 0 0/0 8:47 0:00 0:00
Tage Thompson 1 1 2 1 0 4 1 0 0 0 17/23 20:27 3:25 0:00
Yanni Gourde 0 0 0 -1 0 3 0 0 0 0 0/0 11:59 0:00 0:00
3 Stars
1 - Jake Guentzel (STL)
2 - Connor Hellebuyck (STL)
3 - Tage Thompson (STL)
Power Play
Nashville Predators - 0 on 0 Attempt(s) - 0.00%
St.Louis Blues - 1 on 4 Attempt(s) - 25.00%
Penalty Kill
Nashville Predators - 3 on 4 Attempt(s) - 75.00%
- Score 0 goal in Penalty Kill
St.Louis Blues - 0 on 0 Attempt(s) - 0.00%
- Score 0 goal in Penalty Kill
Team Stat
Nashville Predators - Hits : 21 - Faceoff Wins : 26 - Blocked Shots : 7 - Penalty Minutes : 8
St.Louis Blues - Hits : 31 - Faceoff Wins : 35 - Blocked Shots : 18 - Penalty Minutes : 0
Official
Referees : Graham Skiliter and Ghislain Hebert
Linesman : Greg Devorski and Brad Lazarowich
Game Notes
Cale Makar is injured at 12:11 of 1st period (Sore Right Knee)
Nick Leddy is injured at 5:59 of 2nd period (Left Hip)
10:39 of 2nd period - Nashville Predators goal is going for a video replay. After video review, Goal.
Finance
Level 1 -- Attendance: 5106 (85.10%) -- Ticket Income $495,282
Level 2 -- Attendance: 4606 (92.12%) -- Ticket Income $262,542
Level 3 -- Attendance: 3000 (100.00%) -- Ticket Income $102,000
Level 4 -- Attendance: 5000 (100.00%) -- Ticket Income $115,000
Luxury Box -- Attendance: 991 (99.10%) -- Ticket Income $192,254
Game was played at the Scottrade Center.
Total Attendance: 18703 (93.52%)
Total Ticket Income: $1,167,078
Other Income: $408,477
Total Income: $1,575,555
Nashville Predators
5 vs 5 Forward
Center Left Wing Right Wing Time % Phy DF OF
1 Thomas Novak Kevin Labanc Blake Wheeler 30 1 2 2
2 Michael Carcone Alex Newhook Corey Perry 30 1 2 2
3 Riley Nash Zemgus Girgensons Sam Gagner 25 1 2 2
4 Ryan Carpenter Patrick Maroon Brett Leason 15 1 2 2
5 vs 5 Defense
Defense Defense Time % Phy DF OF
1 Cale Makar Rasmus Ristolainen 30 1 2 2
2 Nate Schmidt Justin Braun 30 1 2 2
3 Alexander Alexeyev Markus Niemelainen 25 1 2 2
4 Cale Makar Rasmus Ristolainen 15 1 2 2
PowerPlay Forward
Center Left Wing Right Wing Time % Phy DF OF
1 Blake Wheeler Kevin Labanc Corey Perry 50 1 2 2
2 Thomas Novak Riley Nash Sam Gagner 50 1 2 2
PowerPlay Defense
Defense Defense Time % Phy DF OF
1 Cale Makar Rasmus Ristolainen 50 1 2 2
2 Nate Schmidt Justin Braun 50 1 2 2
Penalty Kill 4 Players Forward
Center Wing Time % Phy DF OF
1 Riley Nash Zemgus Girgensons 50 1 2 2
2 Ryan Carpenter Brett Leason 50 1 2 2
Penalty Kill 4 Players Defense
Defense Defense Time % Phy DF OF
1 Cale Makar Rasmus Ristolainen 50 1 2 2
2 Nate Schmidt Justin Braun 50 1 2 2
Penalty Kill - 3 Players Forward
Forward Time % Phy DF OF
1 Riley Nash 50 1 2 2
2 Ryan Carpenter 50 1 2 2
Penalty Kill - 3 Players Defense
Defense Defense Time % Phy DF OF
1 Cale Makar Rasmus Ristolainen 50 1 2 2
2 Nate Schmidt Justin Braun 50 1 2 2
4 vs 4 Forward
Center Wing Time % Phy DF OF
1 Thomas Novak Blake Wheeler 50 1 2 2
2 Michael Carcone Kevin Labanc 50 1 2 2
4 vs 4 Defense
Defense Defense Time % Phy DF OF
1 Cale Makar Rasmus Ristolainen 50 1 2 2
2 Nate Schmidt Justin Braun 50 1 2 2
Last Minutes Offensive
Center Left Wing Right Wing Defense Defense
Blake Wheeler Kevin Labanc Corey Perry Cale Makar Rasmus Ristolainen
Last Minutes Defensive
Center Left Wing Right Wing Defense Defense
Blake Wheeler Kevin Labanc Corey Perry Cale Makar Rasmus Ristolainen
Goaltenders
Starting : Alexandar Georgiev
Backup : Adin Hill
Extra Forwards
Normal : Brett Leason, Alex Newhook, Zemgus Girgensons - PP : Brett Leason, Alex Newhook - PK : Zemgus Girgensons
Extra Defensemen
Normal : Alexander Alexeyev, Markus Niemelainen, Nate Schmidt - PP : Alexander Alexeyev - PK : Markus Niemelainen, Nate Schmidt
Penalty Shots
Blake Wheeler, Corey Perry, Thomas Novak, Kevin Labanc, Riley Nash
St.Louis Blues
5 vs 5 Forward
Center Left Wing Right Wing Time % Phy DF OF
1 Tage Thompson Elias Pettersson Alex Tuch 35 0 2 3
2 Jack Eichel Jake Guentzel Mark Stone 30 0 2 3
3 Robert Thomas Evander Kane Yanni Gourde 25 1 2 2
4 Andrew Copp Sean Kuraly Lawson Crouse 10 1 2 2
5 vs 5 Defense
Defense Defense Time % Phy DF OF
1 Jake Sanderson Alex Pietrangelo 35 1 2 2
2 Mikhail Sergachev Colton Parayko 35 1 2 2
3 Nick Leddy Adam Pelech 30 1 2 2
4 Jake Sanderson Alex Pietrangelo 0 1 2 2
PowerPlay Forward
Center Left Wing Right Wing Time % Phy DF OF
1 Elias Pettersson Alex Tuch Jake Guentzel 50 1 0 4
2 Robert Thomas Mark Stone Evander Kane 50 1 0 4
PowerPlay Defense
Defense Defense Time % Phy DF OF
1 Tage Thompson Mikhail Sergachev 50 0 1 4
2 Jack Eichel Alex Pietrangelo 50 0 1 4
Penalty Kill 4 Players Forward
Center Wing Time % Phy DF OF
1 Sean Kuraly Yanni Gourde 50 1 4 0
2 Andrew Copp Lawson Crouse 50 1 4 0
Penalty Kill 4 Players Defense
Defense Defense Time % Phy DF OF
1 Adam Pelech Colton Parayko 50 1 4 0
2 Jake Sanderson Nick Leddy 50 1 4 0
Penalty Kill - 3 Players Forward
Forward Time % Phy DF OF
1 Sean Kuraly 50 0 5 0
2 Andrew Copp 50 0 5 0
Penalty Kill - 3 Players Defense
Defense Defense Time % Phy DF OF
1 Adam Pelech Colton Parayko 50 0 5 0
2 Jake Sanderson Nick Leddy 50 0 5 0
4 vs 4 Forward
Center Wing Time % Phy DF OF
1 Elias Pettersson Tage Thompson 50 0 2 3
2 Jack Eichel Alex Tuch 50 0 2 3
4 vs 4 Defense
Defense Defense Time % Phy DF OF
1 Jake Sanderson Alex Pietrangelo 50 0 3 2
2 Mikhail Sergachev Colton Parayko 50 0 3 2
Last Minutes Offensive
Center Left Wing Right Wing Defense Defense
Elias Pettersson Alex Tuch Tage Thompson Mikhail Sergachev Jake Guentzel
Last Minutes Defensive
Center Left Wing Right Wing Defense Defense
Sean Kuraly Andrew Copp Yanni Gourde Jake Sanderson Colton Parayko
Goaltenders
Starting : Connor Hellebuyck
Backup : Thomas Greiss
Extra Forwards
Normal : Jack Eichel, Mark Stone, Robert Thomas - PP : Mark Stone, Lawson Crouse - PK : Robert Thomas
Extra Defensemen
Normal : Colton Parayko, Adam Pelech, Nick Leddy - PP : Jake Sanderson - PK : Alex Pietrangelo, Mikhail Sergachev
Penalty Shots
Elias Pettersson, Tage Thompson, Alex Tuch, Jack Eichel, Mark Stone
% Time on Ice - Nashville Predators
Lines # - Real PCT - Wanted PCT - Time Play
Normal Forward
1 - 30% - 30% - 15:41
2 - 29% - 30% - 15:31
3 - 25% - 25% - 13:11
4 - 16% - 15% - 8:25
Normal Defense
1 - 34% - 30% - 18:02
2 - 25% - 30% - 13:16
3 - 23% - 25% - 12:17
4 - 17% - 15% - 9:13
PP Forward
1 - 0% - 50%
2 - 0% - 50%
PP Defense
1 - 0% - 50%
2 - 0% - 50%
PK Forward
1 - 49% - 50% - 3:33
2 - 51% - 50% - 3:39
PK Defense
1 - 55% - 50% - 3:58
2 - 45% - 50% - 3:14
PK3 Forward
1 - 0% - 50%
2 - 0% - 50%
PK3 Defense
1 - 0% - 50%
2 - 0% - 50%
44 Forward
1 - 0% - 50%
2 - 0% - 50%
44 Defense
1 - 0% - 50%
2 - 0% - 50%
Last Minute Offensive - 0:00
Last Minute Defensive - 0:00
Total
Forward - 60:00
Defense - 60:00
|
% Time on Ice - St.Louis Blues
Lines # - Real PCT - Wanted PCT - Time Play
Normal Forward
1 - 32% - 35% - 16:52
2 - 29% - 30% - 15:10
3 - 23% - 25% - 11:59
4 - 17% - 10% - 8:47
Normal Defense
1 - 29% - 35% - 15:31
2 - 31% - 35% - 16:30
3 - 39% - 30% - 20:47
4 - 0% - 0% - 0:00
PP Forward
1 - 49% - 50% - 3:32
2 - 51% - 50% - 3:40
PP Defense
1 - 47% - 50% - 3:25
2 - 53% - 50% - 3:47
PK Forward
1 - 0% - 50%
2 - 0% - 50%
PK Defense
1 - 0% - 50%
2 - 0% - 50%
PK3 Forward
1 - 0% - 50%
2 - 0% - 50%
PK3 Defense
1 - 0% - 50%
2 - 0% - 50%
44 Forward
1 - 0% - 50%
2 - 0% - 50%
44 Defense
1 - 0% - 50%
2 - 0% - 50%
Last Minute Offensive - 0:00
Last Minute Defensive - 0:00
Total
Forward - 60:00
Defense - 60:00
|
Play-by-Play
1st period
0:01 of 1st period - Tage Thompson wins face-off versus Thomas Novak in neutral zone.
0:44 of 1st period - Cale Makar is hit by Jack Eichel and loses puck.
0:55 of 1st period - Slapshot by Cale Makar.
0:55 of 1st period - Shot Blocked by Colton Parayko.
1:05 of 1st period - Snap shot by Evander Kane.
1:05 of 1st period - Shot Misses the Net.
2:27 of 1st period - Alexander Alexeyev is hit by Evander Kane and loses puck.
2:32 of 1st period - Snap shot by Robert Thomas.
2:32 of 1st period - Shot Blocked by Markus Niemelainen.
2:34 of 1st period - Wrist shot by Yanni Gourde.
2:34 of 1st period - Stopped by Alexandar Georgiev without a rebound.
2:35 of 1st period - Michael Carcone wins face-off versus Tage Thompson in Nashville Predators zone.
3:49 of 1st period - Slapshot by Andrew Copp.
3:49 of 1st period - Stopped by Alexandar Georgiev without a rebound.
3:50 of 1st period - Riley Nash wins face-off versus Tage Thompson in Nashville Predators zone.
4:05 of 1st period - Slapshot by Tage Thompson.
4:05 of 1st period - Deflect By Alex Tuch.
4:05 of 1st period - Stopped by Alexandar Georgiev without a rebound.
4:06 of 1st period - Thomas Novak wins face-off versus Robert Thomas in Nashville Predators zone.
4:21 of 1st period - Snap shot by Robert Thomas.
4:21 of 1st period - Stopped by Alexandar Georgiev without a rebound.
4:22 of 1st period - Tage Thompson wins face-off versus Michael Carcone in Nashville Predators zone.
4:27 of 1st period - Snap shot by Tage Thompson.
4:27 of 1st period - Stopped by Alexandar Georgiev without a rebound.
4:28 of 1st period - Tage Thompson wins face-off versus Michael Carcone in Nashville Predators zone.
4:31 of 1st period - Snap shot by Tage Thompson.
4:31 of 1st period - Goal by Tage Thompson - Nashville Predators : 0 - St.Louis Blues : 1.
4:32 of 1st period - Jack Eichel wins face-off versus Michael Carcone in neutral zone.
4:39 of 1st period - Wrist shot by Jack Eichel.
4:39 of 1st period - Stopped by Alexandar Georgiev with a rebound.
5:01 of 1st period - Icing by Colton Parayko.
5:02 of 1st period - Tage Thompson wins face-off versus Thomas Novak in St.Louis Blues zone.
5:07 of 1st period - Snap shot by Tage Thompson.
5:07 of 1st period - Stopped by Alexandar Georgiev without a rebound.
5:08 of 1st period - Robert Thomas wins face-off versus Ryan Carpenter in Nashville Predators zone.
5:15 of 1st period - Brett Leason is hit by Evander Kane and loses puck.
5:30 of 1st period - Brett Leason is hit by Evander Kane and loses puck.
6:02 of 1st period - Icing by Colton Parayko.
6:03 of 1st period - Jack Eichel wins face-off versus Thomas Novak in St.Louis Blues zone.
6:10 of 1st period - Snap shot by Jack Eichel.
6:10 of 1st period - Stopped by Alexandar Georgiev without a rebound.
6:11 of 1st period - Jack Eichel wins face-off versus Michael Carcone in Nashville Predators zone.
7:07 of 1st period - Icing by Alex Pietrangelo.
7:08 of 1st period - Andrew Copp wins face-off versus Michael Carcone in St.Louis Blues zone.
7:08 of 1st period - Andrew Copp is hit by Michael Carcone.
7:19 of 1st period - Wrist shot by Lawson Crouse.
7:19 of 1st period - Shot Misses the Net.
7:21 of 1st period - Slapshot by Alex Pietrangelo.
7:21 of 1st period - Stopped by Alexandar Georgiev with a rebound.
7:57 of 1st period - Rasmus Ristolainen is hit by Adam Pelech and loses puck.
8:04 of 1st period - Wrist shot by Elias Pettersson.
8:04 of 1st period - Stopped by Alexandar Georgiev without a rebound.
8:05 of 1st period - Ryan Carpenter wins face-off versus Jack Eichel in Nashville Predators zone.
9:21 of 1st period - Markus Niemelainen is hit by Jake Guentzel and loses puck.
9:30 of 1st period - Backhand shot by Jake Guentzel.
9:30 of 1st period - Goal by Jake Guentzel - Nashville Predators : 0 - St.Louis Blues : 2.
9:31 of 1st period - Thomas Novak wins face-off versus Tage Thompson in neutral zone.
9:38 of 1st period - Snap shot by Kevin Labanc.
9:38 of 1st period - Stopped by Connor Hellebuyck without a rebound.
9:39 of 1st period - Tage Thompson wins face-off versus Thomas Novak in St.Louis Blues zone.
10:08 of 1st period - Backhand shot by Riley Nash.
10:08 of 1st period - Stopped by Connor Hellebuyck with a rebound.
10:10 of 1st period - Wrist shot by Sam Gagner.
10:10 of 1st period - Shot Hit the Post.
10:14 of 1st period - Slapshot by Sam Gagner.
10:14 of 1st period - Shot Blocked by Mikhail Sergachev.
11:07 of 1st period - Wrist shot by Blake Wheeler.
11:07 of 1st period - Stopped by Connor Hellebuyck without a rebound.
11:08 of 1st period - Jack Eichel wins face-off versus Thomas Novak in St.Louis Blues zone.
11:44 of 1st period - Icing by Mark Stone.
11:45 of 1st period - Jack Eichel wins face-off versus Corey Perry in St.Louis Blues zone.
12:10 of 1st period - Cale Makar is hit by Jake Sanderson.
12:11 of 1st period - Cale Makar from Nashville Predators is injured at 12:11 of 1st period (Sore Right Knee).
12:12 of 1st period - Riley Nash wins face-off versus Robert Thomas in Nashville Predators zone.
12:44 of 1st period - Corey Perry is hit by Jake Sanderson and loses puck.
13:10 of 1st period - Minor Penalty to Patrick Maroon for Tripping.
13:11 of 1st period - Riley Nash wins face-off versus Elias Pettersson in Nashville Predators zone.
14:27 of 1st period - Justin Braun is hit by Mark Stone and loses puck.
15:10 of 1st period - Penalty to Patrick Maroon is over, Patrick Maroon is back on ice.
15:16 of 1st period - Snap shot by Kevin Labanc.
15:16 of 1st period - Shot Blocked by Jack Eichel.
15:18 of 1st period - Wrist shot by Kevin Labanc.
15:18 of 1st period - Shot Hit the Post.
15:20 of 1st period - Slapshot by Patrick Maroon.
15:20 of 1st period - Shot Misses the Net.
15:22 of 1st period - Snap shot by Patrick Maroon.
15:22 of 1st period - Shot Misses the Net.
15:28 of 1st period - Wrist shot by Kevin Labanc.
15:28 of 1st period - Shot Misses the Net.
15:35 of 1st period - Snap shot by Ryan Carpenter.
15:35 of 1st period - Shot Misses the Net.
15:43 of 1st period - Slapshot by Kevin Labanc.
15:43 of 1st period - Shot Blocked by Andrew Copp.
15:45 of 1st period - Slapshot by Markus Niemelainen.
15:45 of 1st period - Deflect By Jack Eichel.
15:45 of 1st period - Stopped by Connor Hellebuyck without a rebound.
15:46 of 1st period - Robert Thomas wins face-off versus Michael Carcone in St.Louis Blues zone.
16:05 of 1st period - Snap shot by Michael Carcone.
16:05 of 1st period - Shot Misses the Net.
16:15 of 1st period - Riley Nash is hit by Nick Leddy and loses puck.
16:40 of 1st period - Slapshot by Corey Perry.
16:40 of 1st period - Stopped by Connor Hellebuyck with a rebound.
17:09 of 1st period - Zemgus Girgensons is hit by Alex Tuch and loses puck.
17:22 of 1st period - Snap shot by Lawson Crouse.
17:22 of 1st period - Stopped by Alexandar Georgiev without a rebound.
17:23 of 1st period - Kevin Labanc wins face-off versus Lawson Crouse in Nashville Predators zone.
17:29 of 1st period - Off-side.
17:30 of 1st period - Riley Nash wins face-off versus Tage Thompson in neutral zone.
17:43 of 1st period - Backhand shot by Riley Nash.
17:43 of 1st period - Shot Misses the Net.
17:45 of 1st period - Slapshot by Alexander Alexeyev.
17:45 of 1st period - Shot Blocked by Mikhail Sergachev.
18:03 of 1st period - Wrist shot by Mark Stone.
18:03 of 1st period - Stopped by Alexandar Georgiev without a rebound.
18:04 of 1st period - Jack Eichel wins face-off versus Thomas Novak in Nashville Predators zone.
18:21 of 1st period - Snap shot by Blake Wheeler.
18:21 of 1st period - Stopped by Connor Hellebuyck with a rebound.
18:23 of 1st period - Wrist shot by Kevin Labanc.
18:23 of 1st period - Deflect By Jake Guentzel.
18:23 of 1st period - Stopped by Connor Hellebuyck with a rebound.
18:25 of 1st period - Slapshot by Alexander Alexeyev.
18:25 of 1st period - Stopped by Connor Hellebuyck without a rebound.
18:26 of 1st period - Ryan Carpenter wins face-off versus Robert Thomas in St.Louis Blues zone.
18:40 of 1st period - Icing by Robert Thomas.
18:41 of 1st period - Robert Thomas wins face-off versus Thomas Novak in St.Louis Blues zone.
18:51 of 1st period - Wrist shot by Thomas Novak.
18:51 of 1st period - Shot Blocked by Nick Leddy.
18:53 of 1st period - Wrist shot by Blake Wheeler.
18:53 of 1st period - Shot Blocked by Robert Thomas.
19:26 of 1st period - Snap shot by Evander Kane.
19:26 of 1st period - Shot Blocked by Alex Newhook.
19:28 of 1st period - Slapshot by Evander Kane.
19:28 of 1st period - Stopped by Alexandar Georgiev without a rebound.
19:29 of 1st period - Tage Thompson wins face-off versus Riley Nash in Nashville Predators zone.
19:36 of 1st period - Wrist shot by Riley Nash.
19:36 of 1st period - Shot Misses the Net.
19:38 of 1st period - Wrist shot by Nate Schmidt.
19:38 of 1st period - Shot Blocked by Alex Pietrangelo.
19:40 of 1st period - Wrist shot by Sam Gagner.
19:40 of 1st period - Stopped by Connor Hellebuyck without a rebound.
19:41 of 1st period - Tage Thompson wins face-off versus Riley Nash in St.Louis Blues zone.
Goals for this period are 0 for Nashville Predators vs 2 for St.Louis Blues.
Shots for this period are 9 for Nashville Predators vs 15 for St.Louis Blues.
2nd period
0:01 of 2nd period - Jack Eichel wins face-off versus Thomas Novak in neutral zone.
0:12 of 2nd period - Wrist shot by Jake Guentzel.
0:12 of 2nd period - Shot Misses the Net.
0:36 of 2nd period - Wrist shot by Elias Pettersson.
0:36 of 2nd period - Shot Blocked by Michael Carcone.
0:56 of 2nd period - Snap shot by Brett Leason.
0:56 of 2nd period - Deflect By Ryan Carpenter.
0:56 of 2nd period - Shot Misses the Net.
0:56 of 2nd period - Puck is out of play.
0:57 of 2nd period - Jack Eichel wins face-off versus Ryan Carpenter in St.Louis Blues zone.
1:08 of 2nd period - Wrist shot by Jack Eichel.
1:08 of 2nd period - Shot Blocked by Rasmus Ristolainen.
1:20 of 2nd period - Wrist shot by Brett Leason.
1:20 of 2nd period - Stopped by Connor Hellebuyck with a rebound.
1:22 of 2nd period - Slapshot by Rasmus Ristolainen.
1:22 of 2nd period - Deflect By Jake Guentzel.
1:22 of 2nd period - Stopped by Connor Hellebuyck with a rebound.
1:24 of 2nd period - Wrist shot by Patrick Maroon.
1:24 of 2nd period - Stopped by Connor Hellebuyck without a rebound.
1:25 of 2nd period - Tage Thompson wins face-off versus Thomas Novak in St.Louis Blues zone.
1:56 of 2nd period - Backhand shot by Riley Nash.
1:56 of 2nd period - Stopped by Connor Hellebuyck without a rebound.
1:57 of 2nd period - Riley Nash wins face-off versus Jack Eichel in St.Louis Blues zone.
2:02 of 2nd period - Wrist shot by Sam Gagner.
2:02 of 2nd period - Shot Blocked by Jake Sanderson.
2:04 of 2nd period - Slapshot by Justin Braun.
2:04 of 2nd period - Stopped by Connor Hellebuyck with a rebound.
2:12 of 2nd period - Snap shot by Riley Nash.
2:12 of 2nd period - Shot Blocked by Mark Stone.
2:48 of 2nd period - Wrist shot by Blake Wheeler.
2:48 of 2nd period - Stopped by Connor Hellebuyck without a rebound.
2:49 of 2nd period - Tage Thompson wins face-off versus Riley Nash in St.Louis Blues zone.
2:49 of 2nd period - Tage Thompson is hit by Rasmus Ristolainen.
3:02 of 2nd period - Minor Penalty to Rasmus Ristolainen for Hooking.
3:03 of 2nd period - Ryan Carpenter wins face-off versus Robert Thomas in Nashville Predators zone.
3:11 of 2nd period - Alex Pietrangelo is hit by Ryan Carpenter and loses puck.
5:02 of 2nd period - Penalty to Rasmus Ristolainen is over, Rasmus Ristolainen is back on ice.
5:12 of 2nd period - Patrick Maroon is hit by Lawson Crouse and loses puck.
5:59 of 2nd period - Snap shot by Rasmus Ristolainen.
5:59 of 2nd period - Shot Blocked by Nick Leddy.
5:59 of 2nd period - Nick Leddy from St.Louis Blues is injured at 5:59 of 2nd period (Left Hip).
6:00 of 2nd period - Tage Thompson wins face-off versus Michael Carcone in St.Louis Blues zone.
6:27 of 2nd period - Mark Stone is hit by Alexander Alexeyev.
6:28 of 2nd period - Icing by Mark Stone.
6:29 of 2nd period - Jack Eichel wins face-off versus Riley Nash in St.Louis Blues zone.
7:17 of 2nd period - Wrist shot by Alex Newhook.
7:17 of 2nd period - Stopped by Connor Hellebuyck with a rebound.
7:19 of 2nd period - Slapshot by Markus Niemelainen.
7:19 of 2nd period - Shot Blocked by Jack Eichel.
7:21 of 2nd period - Snap shot by Alex Newhook.
7:21 of 2nd period - Stopped by Connor Hellebuyck with a rebound.
8:28 of 2nd period - Patrick Maroon is hit by Lawson Crouse and loses puck.
8:39 of 2nd period - Snap shot by Corey Perry.
8:39 of 2nd period - Shot Misses the Net.
9:02 of 2nd period - Yanni Gourde is hit by Blake Wheeler.
9:06 of 2nd period - Nate Schmidt is hit by Evander Kane and loses puck.
10:21 of 2nd period - Icing by Patrick Maroon.
10:22 of 2nd period - Ryan Carpenter wins face-off versus Robert Thomas in Nashville Predators zone.
10:31 of 2nd period - Wrist shot by Brett Leason.
10:31 of 2nd period - Stopped by Connor Hellebuyck with a rebound.
10:33 of 2nd period - Wrist shot by Ryan Carpenter.
10:33 of 2nd period - Stopped by Connor Hellebuyck with a rebound.
10:37 of 2nd period - Slapshot by Ryan Carpenter.
10:37 of 2nd period - Shot Blocked by Colton Parayko.
10:39 of 2nd period - Snap shot by Ryan Carpenter.
10:39 of 2nd period - Nashville Predators goal is going for a video replay.
10:39 of 2nd period - The goal is good.
10:39 of 2nd period - Goal by Ryan Carpenter - Nashville Predators : 1 - St.Louis Blues : 2.
10:40 of 2nd period - Michael Carcone wins face-off versus Tage Thompson in neutral zone.
10:43 of 2nd period - Snap shot by Corey Perry.
10:43 of 2nd period - Stopped by Connor Hellebuyck with a rebound.
10:51 of 2nd period - Wrist shot by Alex Newhook.
10:51 of 2nd period - Shot Blocked by Colton Parayko.
10:53 of 2nd period - Slapshot by Alex Newhook.
10:53 of 2nd period - Shot Blocked by Colton Parayko.
11:45 of 2nd period - Corey Perry is hit by Jake Guentzel and loses puck.
12:10 of 2nd period - Wrist shot by Ryan Carpenter.
12:10 of 2nd period - Stopped by Connor Hellebuyck without a rebound.
12:11 of 2nd period - Robert Thomas wins face-off versus Ryan Carpenter in St.Louis Blues zone.
12:11 of 2nd period - Robert Thomas is hit by Alexander Alexeyev.
12:21 of 2nd period - Slapshot by Patrick Maroon.
12:21 of 2nd period - Shot Misses the Net.
12:23 of 2nd period - Slapshot by Rasmus Ristolainen.
12:23 of 2nd period - Shot Misses the Net.
12:39 of 2nd period - Slapshot by Thomas Novak.
12:39 of 2nd period - Stopped by Connor Hellebuyck with a rebound.
12:59 of 2nd period - Jake Guentzel is hit by Alex Newhook and loses puck.
13:06 of 2nd period - Wrist shot by Alex Newhook.
13:06 of 2nd period - Stopped by Connor Hellebuyck with a rebound.
15:04 of 2nd period - Snap shot by Corey Perry.
15:04 of 2nd period - Deflect By Alex Newhook.
15:04 of 2nd period - Stopped by Connor Hellebuyck with a rebound.
15:06 of 2nd period - Slapshot by Corey Perry.
15:06 of 2nd period - Shot Blocked by Jake Sanderson.
15:51 of 2nd period - Snap shot by Riley Nash.
15:51 of 2nd period - Shot Blocked by Andrew Copp.
16:01 of 2nd period - Snap shot by Riley Nash.
16:01 of 2nd period - Stopped by Connor Hellebuyck without a rebound.
16:02 of 2nd period - Michael Carcone wins face-off versus Robert Thomas in St.Louis Blues zone.
16:03 of 2nd period - Snap shot by Corey Perry.
16:03 of 2nd period - Shot Misses the Net.
16:13 of 2nd period - Alex Newhook is hit by Colton Parayko and loses puck.
16:24 of 2nd period - Double Minor Penalty to Corey Perry for High sticking.
16:25 of 2nd period - Ryan Carpenter wins face-off versus Evander Kane in Nashville Predators zone.
16:40 of 2nd period - Slapshot by Tage Thompson.
16:40 of 2nd period - Shot Blocked by Riley Nash.
16:42 of 2nd period - Wrist shot by Evander Kane.
16:42 of 2nd period - Stopped by Alexandar Georgiev without a rebound.
16:43 of 2nd period - Ryan Carpenter wins face-off versus Elias Pettersson in Nashville Predators zone.
16:58 of 2nd period - Snap shot by Jake Guentzel.
16:58 of 2nd period - Deflect By Nate Schmidt.
16:58 of 2nd period - Stopped by Alexandar Georgiev with a rebound.
17:10 of 2nd period - Alex Pietrangelo is hit by Ryan Carpenter and loses puck.
17:21 of 2nd period - Slapshot by Brett Leason.
17:21 of 2nd period - Stopped by Connor Hellebuyck without a rebound.
17:22 of 2nd period - Ryan Carpenter wins face-off versus Elias Pettersson in St.Louis Blues zone.
17:39 of 2nd period - Wrist shot by Elias Pettersson.
17:39 of 2nd period - Goal by Elias Pettersson - Nashville Predators : 1 - St.Louis Blues : 3.
17:40 of 2nd period - Riley Nash wins face-off versus Robert Thomas in neutral zone.
18:11 of 2nd period - Zemgus Girgensons is hit by Mikhail Sergachev and loses puck.
18:42 of 2nd period - Alex Pietrangelo is hit by Ryan Carpenter and loses puck.
19:31 of 2nd period - Mark Stone is hit by Alexander Alexeyev and loses puck.
19:39 of 2nd period - Penalty to Corey Perry is over, Corey Perry is back on ice.
19:49 of 2nd period - Off-side.
19:50 of 2nd period - Michael Carcone wins face-off versus Andrew Copp in neutral zone.
19:53 of 2nd period - Wrist shot by Alex Newhook.
19:53 of 2nd period - Stopped by Connor Hellebuyck without a rebound.
19:54 of 2nd period - Michael Carcone wins face-off versus Andrew Copp in St.Louis Blues zone.
Goals for this period are 1 for Nashville Predators vs 1 for St.Louis Blues.
Shots for this period are 19 for Nashville Predators vs 3 for St.Louis Blues.
3rd period
0:01 of 3rd period - Michael Carcone wins face-off versus Tage Thompson in neutral zone.
0:28 of 3rd period - Snap shot by Mark Stone.
0:28 of 3rd period - Shot Misses the Net.
0:30 of 3rd period - Slapshot by Jake Guentzel.
0:30 of 3rd period - Shot Blocked by Blake Wheeler.
0:32 of 3rd period - Snap shot by Jake Guentzel.
0:32 of 3rd period - Shot Blocked by Kevin Labanc.
0:34 of 3rd period - Wrist shot by Jack Eichel.
0:34 of 3rd period - Goal by Jack Eichel - Nashville Predators : 1 - St.Louis Blues : 4.
0:35 of 3rd period - Tage Thompson wins face-off versus Michael Carcone in neutral zone.
1:02 of 3rd period - Mark Stone is hit by Blake Wheeler and loses puck.
1:34 of 3rd period - Snap shot by Sam Gagner.
1:34 of 3rd period - Deflect By Zemgus Girgensons.
1:34 of 3rd period - Stopped by Connor Hellebuyck without a rebound.
1:35 of 3rd period - Michael Carcone wins face-off versus Elias Pettersson in St.Louis Blues zone.
1:36 of 3rd period - Wrist shot by Alex Newhook.
1:36 of 3rd period - Stopped by Connor Hellebuyck without a rebound.
1:37 of 3rd period - Tage Thompson wins face-off versus Michael Carcone in St.Louis Blues zone.
1:44 of 3rd period - Markus Niemelainen is hit by Tage Thompson and loses puck.
2:51 of 3rd period - Wrist shot by Tage Thompson.
2:51 of 3rd period - Stopped by Alexandar Georgiev without a rebound.
2:52 of 3rd period - Tage Thompson wins face-off versus Ryan Carpenter in Nashville Predators zone.
2:55 of 3rd period - Snap shot by Elias Pettersson.
2:55 of 3rd period - Stopped by Alexandar Georgiev without a rebound.
2:56 of 3rd period - Tage Thompson wins face-off versus Ryan Carpenter in Nashville Predators zone.
3:02 of 3rd period - Rasmus Ristolainen is hit by Alex Pietrangelo and loses puck.
3:07 of 3rd period - Wrist shot by Patrick Maroon.
3:07 of 3rd period - Shot Misses the Net.
3:09 of 3rd period - Snap shot by Alexander Alexeyev.
3:09 of 3rd period - Deflect By Tage Thompson.
3:09 of 3rd period - Stopped by Connor Hellebuyck with a rebound.
3:11 of 3rd period - Backhand shot by Rasmus Ristolainen.
3:11 of 3rd period - Deflect By Patrick Maroon.
3:11 of 3rd period - Shot Misses the Net.
3:11 of 3rd period - Puck is out of play.
3:12 of 3rd period - Jack Eichel wins face-off versus Michael Carcone in St.Louis Blues zone.
3:39 of 3rd period - Alex Pietrangelo is hit by Zemgus Girgensons and loses puck.
3:59 of 3rd period - Icing by Colton Parayko.
4:00 of 3rd period - Robert Thomas wins face-off versus Thomas Novak in St.Louis Blues zone.
4:00 of 3rd period - Robert Thomas is hit by Thomas Novak.
4:18 of 3rd period - Snap shot by Jack Eichel.
4:18 of 3rd period - Stopped by Alexandar Georgiev with a rebound.
4:58 of 3rd period - Snap shot by Andrew Copp.
4:58 of 3rd period - Shot Misses the Net.
5:02 of 3rd period - Slapshot by Mikhail Sergachev.
5:02 of 3rd period - Stopped by Alexandar Georgiev with a rebound.
5:04 of 3rd period - Wrist shot by Lawson Crouse.
5:04 of 3rd period - Stopped by Alexandar Georgiev without a rebound.
5:05 of 3rd period - Riley Nash wins face-off versus Jack Eichel in Nashville Predators zone.
5:10 of 3rd period - Mark Stone is hit by Justin Braun and loses puck.
6:14 of 3rd period - Alex Newhook is hit by Sean Kuraly and loses puck.
6:22 of 3rd period - Nate Schmidt is hit by Andrew Copp and loses puck.
6:37 of 3rd period - Riley Nash is hit by Jake Guentzel and loses puck.
7:02 of 3rd period - Wrist shot by Elias Pettersson.
7:02 of 3rd period - Deflect By Alex Tuch.
7:02 of 3rd period - Stopped by Alexandar Georgiev without a rebound.
7:03 of 3rd period - Robert Thomas wins face-off versus Michael Carcone in Nashville Predators zone.
7:08 of 3rd period - Wrist shot by Yanni Gourde.
7:08 of 3rd period - Stopped by Alexandar Georgiev without a rebound.
7:09 of 3rd period - Michael Carcone wins face-off versus Robert Thomas in Nashville Predators zone.
7:21 of 3rd period - Wrist shot by Yanni Gourde.
7:21 of 3rd period - Stopped by Alexandar Georgiev with a rebound.
7:23 of 3rd period - Snap shot by Robert Thomas.
7:23 of 3rd period - Stopped by Alexandar Georgiev with a rebound.
7:25 of 3rd period - Slapshot by Evander Kane.
7:25 of 3rd period - Stopped by Alexandar Georgiev without a rebound.
7:26 of 3rd period - Tage Thompson wins face-off versus Thomas Novak in Nashville Predators zone.
8:08 of 3rd period - Jake Guentzel is hit by Nate Schmidt and loses puck.
9:24 of 3rd period - Wrist shot by Jake Guentzel.
9:24 of 3rd period - Stopped by Alexandar Georgiev without a rebound.
9:25 of 3rd period - Tage Thompson wins face-off versus Michael Carcone in Nashville Predators zone.
9:42 of 3rd period - Wrist shot by Alex Tuch.
9:42 of 3rd period - Stopped by Alexandar Georgiev with a rebound.
9:54 of 3rd period - Wrist shot by Andrew Copp.
9:54 of 3rd period - Goal by Andrew Copp - Nashville Predators : 1 - St.Louis Blues : 5.
9:55 of 3rd period - Tage Thompson wins face-off versus Thomas Novak in neutral zone.
10:32 of 3rd period - Riley Nash is hit by Evander Kane and loses puck.
11:51 of 3rd period - Yanni Gourde is hit by Nate Schmidt and loses puck.
11:58 of 3rd period - Snap shot by Sam Gagner.
11:58 of 3rd period - Stopped by Connor Hellebuyck with a rebound.
12:19 of 3rd period - Wrist shot by Jake Guentzel.
12:19 of 3rd period - Stopped by Alexandar Georgiev with a rebound.
12:21 of 3rd period - Wrist shot by Mark Stone.
12:21 of 3rd period - Stopped by Alexandar Georgiev with a rebound.
12:45 of 3rd period - Rasmus Ristolainen is hit by Mikhail Sergachev and loses puck.
13:08 of 3rd period - Nate Schmidt is hit by Adam Pelech and loses puck.
13:20 of 3rd period - Blake Wheeler is hit by Elias Pettersson and loses puck.
14:02 of 3rd period - Tage Thompson is hit by Blake Wheeler and loses puck.
14:13 of 3rd period - Wrist shot by Thomas Novak.
14:13 of 3rd period - Stopped by Connor Hellebuyck with a rebound.
14:15 of 3rd period - Wrist shot by Blake Wheeler.
14:15 of 3rd period - Stopped by Connor Hellebuyck without a rebound.
14:16 of 3rd period - Robert Thomas wins face-off versus Michael Carcone in St.Louis Blues zone.
14:34 of 3rd period - Adam Pelech is hit by Alex Newhook and loses puck.
15:54 of 3rd period - Sam Gagner is hit by Mikhail Sergachev and loses puck.
16:27 of 3rd period - Jake Guentzel is hit by Justin Braun and loses puck.
16:38 of 3rd period - Blake Wheeler is hit by Andrew Copp and loses puck.
17:32 of 3rd period - Justin Braun is hit by Andrew Copp and loses puck.
17:47 of 3rd period - Justin Braun is hit by Robert Thomas and loses puck.
19:02 of 3rd period - Icing by Jack Eichel.
19:03 of 3rd period - Thomas Novak wins face-off versus Mark Stone in St.Louis Blues zone.
19:08 of 3rd period - Wrist shot by Blake Wheeler.
19:08 of 3rd period - Shot Blocked by Jake Guentzel.
19:10 of 3rd period - Slapshot by Rasmus Ristolainen.
19:10 of 3rd period - Shot Misses the Net.
19:16 of 3rd period - Justin Braun is hit by Jake Guentzel and loses puck.
19:29 of 3rd period - Adam Pelech is hit by Alex Newhook and loses puck.
19:54 of 3rd period - Adam Pelech is hit by Riley Nash and loses puck.
Goals for this period are 0 for Nashville Predators vs 2 for St.Louis Blues.
Shots for this period are 6 for Nashville Predators vs 16 for St.Louis Blues.
Back to the Top